[Event "Titled Tuesday Blitz July 25 Early 2023"]
[White "Ardila, Oscar Humberto"]
[Black "Estrada Nieto, Julian"]
[WhiteFideId "4404742"]
[BlackFideId "5101018"]
[WhiteElo "2251"]
[BlackElo "2449"]
[Result "0-1"]
[Round "3"]
[TimeControl "180+2"]
[Date "2023.07.25"]
[WhiteClock "0:00:04"]
[BlackClock "0:00:17"]
[Board "192"]

1. d4 d5 2. c4 dxc4 3. Qa4+ c6 4. Qxc4 Nf6 5. Nf3 Bf5 6. Nc3 Nbd7 7. e3 e6 8. Qb3 Qb6 9. Qd1 Be7 10. Be2 O-O 11. O-O Rfd8 12. Na4 Qc7 13. b3 Ne4 14. Bb2 Bf6 15. Rc1 Qd6 16. Nc3 a6 17. Nxe4 Bxe4 18. Nd2 Bg6 19. Nc4 Qc7 20. Ba3 Nb6 21. Nxb6 Qxb6 22. Bc5 Qc7 23. Qe1 e5 24. dxe5 Bxe5 25. g3 Bd6 26. Qb4 Bxc5 27. Rxc5 Rd7 28. Rfc1 Rad8 29. Bf3 h6 30. a4 Qd6 31. a5 Qf6 32. Qf4 Qxf4 33. gxf4 Bd3 34. Bg4 Rd6 35. Re5 Rg6 36. h3 f5 37. f3 fxg4 38. fxg4 Rgd6 39. Kf2 Bb5 40. Kg3 Kf7 41. h4 Re8 42. Rxe8 Kxe8 43. Rc5 Rd3 44. Re5+ Kf7 45. h5 Rxb3 46. Rf5+ Ke6 47. Re5+ Kf6 48. Re8 c5 49. Re5 c4 50. Kf3 Bc6+ 51. Kf2 c3 52. Rc5 Rb2+ 53. Kg3 c2 54. g5+ Ke6 55. gxh6 gxh6 56. f5+ Kd6 57. Rc3 Be4 58. Kf4 Rb1 59. Kxe4 c1=Q 0-1


[Site "https://www.chess.com"]

[Event "Titled Tuesday Blitz July 25 Early 2023"]
[White "Herman, Daniel"]
[Black "Atanasov, Radislav"]
[WhiteFideId "30935008"]
[BlackFideId "2901471"]
[WhiteElo "2438"]
[BlackElo "2249"]
[Result "0-1"]
[Round "3"]
[TimeControl "180+2"]
[Date "2023.07.25"]
[WhiteClock "0:00:04"]
[BlackClock "0:00:03"]
[Board "193"]

1. d4 Nf6 2. c4 c5 3. d5 e6 4. Nc3 exd5 5. cxd5 d6 6. Bf4 a6 7. a4 g6 8. h3 Bg7 9. e3 O-O 10. Nf3 Qe7 11. Be2 Nbd7 12. Nd2 Ne8 13. O-O Rb8 14. Nc4 Ne5 15. Nb6 Bd7 16. Bh2 f5 17. Qc2 Nf6 18. Rab1 Qd8 19. Nxd7 Qxd7 20. b4 Rfc8 21. b5 c4 22. Rfd1 axb5 23. Nxb5 Rc5 24. Nc3 Rbc8 25. Rb5 Nd3 26. Rxc5 Nxc5 27. Bxc4 Nfe4 28. Nxe4 Nxe4 29. Qd3 Qxa4 30. Rc1 b5 31. Qc2 Qxc2 32. Rxc2 Rxc4 33. f3 Rxc2 34. fxe4 fxe4 35. Bxd6 Bc3 36. Bc5 b4 37. d6 Rd2 38. Kf1 b3 39. Ba3 b2 40. Bxb2 Bxb2 0-1


[Site "https://www.chess.com"]

[Event "Titled Tuesday Blitz July 25 Early 2023"]
[White "SmirnovAlexandrA"]
[Black "SoyuzTM4"]
[WhiteElo "2432"]
[BlackElo "2183"]
[Result "1-0"]
[Round "3"]
[TimeControl "180+2"]
[Date "2023.07.25"]
[WhiteClock "0:01:17"]
[BlackClock "0:00:01"]
[Board "194"]

1. e4 c5 2. Nf3 e6 3. g3 g6 4. d4 Bg7 5. c3 cxd4 6. cxd4 Nf6 7. Nc3 d6 8. Bg2 O-O 9. O-O Nc6 10. Re1 e5 11. h3 Re8 12. Bg5 h6 13. Be3 exd4 14. Nxd4 Ne5 15. Qa4 a6 16. Rad1 Qc7 17. f4 Nc4 18. Bc1 b5 19. Qc2 Bb7 20. Qf2 Rac8 21. f5 b4 22. Nd5 Nxd5 23. exd5 Rxe1+ 24. Rxe1 Ne5 25. fxg6 fxg6 26. Ne6 Qxc1 27. Rxc1 Rxc1+ 28. Kh2 Bc8 29. Qa7 Rc2 30. Qxg7# 1-0


[Site "https://www.chess.com"]

[Event "Titled Tuesday Blitz July 25 Early 2023"]
[White "Mishra, Manoj"]
[Black "Baches Garcia, Guillermo"]
[WhiteFideId "5006007"]
[BlackFideId "2209764"]
[WhiteElo "2168"]
[BlackElo "2423"]
[Result "1/2-1/2"]
[Round "3"]
[TimeControl "180+2"]
[Date "2023.07.25"]
[WhiteClock "0:00:18"]
[BlackClock "0:00:21"]
[Board "195"]

1. d4 Nf6 2. Nf3 e6 3. c4 d5 4. g3 h6 5. Bg2 Bd6 6. O-O O-O 7. Nc3 Nc6 8. c5 Be7 9. Bf4 b6 10. Nb5 Ne8 11. cxb6 axb6 12. Qc2 Bb7 13. a3 Nd6 14. Bxd6 cxd6 15. Rfc1 Qd7 16. Nd2 Rfc8 17. Qd1 Ba6 18. a4 Bxb5 19. axb5 Nxd4 20. e4 Rxa1 21. Rxa1 Qxb5 22. exd5 Qxb2 23. Rb1 Qc2 24. Qxc2 Rxc2 25. Nf3 Ne2+ 26. Kf1 Nc3 27. Rxb6 Nxd5 28. Rb8+ Kh7 29. Ng5+ Bxg5 30. Be4+ f5 31. Bxc2 Bf6 32. Rb5 1/2-1/2


[Site "https://www.chess.com"]

[Event "Titled Tuesday Blitz July 25 Early 2023"]
[White "LLariMarc"]
[Black "Kayis, Gulcan Sena"]
[BlackFideId "34553045"]
[WhiteElo "2299"]
[BlackElo "1982"]
[Result "0-1"]
[Round "3"]
[TimeControl "180+2"]
[Date "2023.07.25"]
[WhiteClock "0:00:10"]
[BlackClock "0:00:13"]
[Board "196"]

1. d4 d5 2. Nf3 Nf6 3. Bg5 e6 4. Nbd2 Be7 5. e3 O-O 6. Bd3 h6 7. Bxf6 Bxf6 8. O-O Nd7 9. e4 dxe4 10. Nxe4 Be7 11. c3 Nf6 12. Qe2 Qd5 13. c4 Qh5 14. Ng3 Qa5 15. Rfe1 c6 16. a3 Bd7 17. Rad1 Rfd8 18. Ne5 Be8 19. Bb1 c5 20. dxc5 Qxc5 21. b4 Qc7 22. Ng4 Nxg4 23. Qxg4 Bf6 24. Qe4 g6 25. Qc2 Rxd1 26. Rxd1 Rd8 27. Rxd8 Qxd8 28. Ne4 Bg7 29. c5 b6 30. Nd6 bxc5 31. bxc5 Bc6 32. h4 Qxh4 33. Qb3 Bd4 34. Qc2 Qg5 35. Ne4 Bxe4 36. Qxe4 Qxc5 37. Qe1 Qxa3 38. Be4 Qc5 39. g3 a5 40. Kg2 a4 41. Qe2 a3 42. Qa2 Bxf2 43. Bb1 Bd4 44. Qe2 Qc3 45. Ba2 Qb2 46. Qxb2 axb2 47. Kf3 Kg7 48. Bb1 f5 49. g4 Kf6 50. Kf4 e5+ 51. Kf3 fxg4+ 52. Kxg4 h5+ 53. Kh4 Bf2+ 54. Kh3 Kg5 55. Kg2 Bd4 56. Kf3 h4 57. Be4 Kh5 58. Bb1 g5 59. Bf5 Kh6 60. Kg4 Bc3 61. Be4 Bd4 62. Bf5 h3 63. Kxh3 Kh5 64. Kg3 g4 65. Be4 Kg5 66. Bd3 Bc3 67. Be4 Bd2 68. Kf2 Kf4 69. Bb1 g3+ 70. Kg2 e4 71. Bc2 e3 72. Kf1 Kf3 73. Bd1+ e2+ 74. Bxe2+ Ke3 75. Kg2 Kxe2 76. Kxg3 b1=Q 77. Kg4 Qg6+ 0-1


[Site "https://www.chess.com"]

[Event "Titled Tuesday Blitz July 25 Early 2023"]
[White "Harsh Suresh"]
[Black "Hrescak, Ivana"]
[WhiteFideId "45018464"]
[BlackFideId "14613441"]
[WhiteElo "2833"]
[BlackElo "2134"]
[Result "1-0"]
[Round "3"]
[TimeControl "180+2"]
[Date "2023.07.25"]
[WhiteClock "0:02:41"]
[BlackClock "0:02:33"]
[Board "197"]

1. e4 e5 2. Nf3 Nc6 3. Bc4 Nf6 4. O-O Nxe4 5. Qe2 d5 6. Bb5 Be7 7. Nxe5 Bd7 8. Nxd7 Qxd7 9. Nc3 Nxc3 10. dxc3 O-O-O 11. Bxc6 Qxc6 12. Qxe7 1-0


[Site "https://www.chess.com"]

[Event "Titled Tuesday Blitz July 25 Early 2023"]
[White "Iskusnyh, Sergei"]
[Black "Sriniaiyer, Sudarshan"]
[WhiteFideId "4120027"]
[BlackFideId "30937213"]
[WhiteElo "2622"]
[BlackElo "2341"]
[Result "1-0"]
[Round "3"]
[TimeControl "180+2"]
[Date "2023.07.25"]
[WhiteClock "0:00:24"]
[BlackClock "0:00:01"]
[Board "198"]

1. d4 Nf6 2. c4 e6 3. g3 d5 4. Bg2 Bb4+ 5. Nd2 O-O 6. Nf3 b6 7. O-O Bb7 8. b3 a5 9. Bb2 a4 10. a3 Bxd2 11. Nxd2 axb3 12. Nxb3 Nbd7 13. Qc2 Rc8 14. c5 bxc5 15. dxc5 Ba6 16. Rfd1 Rb8 17. Na5 Rb5 18. Nc6 Qe8 19. Bd4 e5 20. a4 Rb7 21. Bb2 e4 22. Bd4 Nb8 23. Na5 Ra7 24. c6 Ra8 25. Bc5 Bxe2 26. Qxe2 Rxa5 27. Bxf8 Kxf8 28. Rdc1 Nxc6 29. Qc2 Ne5 30. Qxc7 Ra8 31. a5 Nd3 32. Rcb1 Rc8 33. Qd6+ Kg8 34. a6 Nd7 35. a7 Ra8 36. Qxd7 Qxd7 37. Rb8+ 1-0


[Site "https://www.chess.com"]

[Event "Titled Tuesday Blitz July 25 Early 2023"]
[White "Agibileg, Uurtsaikh"]
[Black "morozcoma"]
[WhiteFideId "4901606"]
[WhiteElo "2596"]
[BlackElo "2340"]
[Result "1-0"]
[Round "3"]
[TimeControl "180+2"]
[Date "2023.07.25"]
[WhiteClock "0:01:56"]
[BlackClock "0:00:44"]
[Board "199"]

1. d4 d5 2. c4 dxc4 3. Nf3 a6 4. Nc3 Bg4 5. a4 e6 6. e4 Nf6 7. Bxc4 Bb4 8. O-O Bxc3 9. bxc3 Nxe4 10. Ba3 Nxc3 11. Qb3 Nd5 12. Qxb7 Nd7 13. Bxd5 exd5 14. Rfe1+ Be6 15. Qxd5 c5 16. Rxe6+ fxe6 17. Qxe6+ Qe7 18. Qd5 O-O-O 19. Qc6+ Kb8 20. Rb1+ Nb6 21. Rxb6+ Ka7 22. Rxa6+ Kb8 23. Ra8# 1-0


[Site "https://www.chess.com"]

[Event "Titled Tuesday Blitz July 25 Early 2023"]
[White "Slovineanu, Viacheslav"]
[Black "Castaneda, Jhon David"]
[WhiteFideId "13900510"]
[BlackFideId "4405048"]
[WhiteElo "2337"]
[BlackElo "2584"]
[Result "0-1"]
[Round "3"]
[TimeControl "180+2"]
[Date "2023.07.25"]
[WhiteClock "0:00:02"]
[BlackClock "0:00:43"]
[Board "200"]

1. d4 Nf6 2. Nf3 e6 3. c4 b6 4. e3 Bb7 5. Bd3 c5 6. O-O Be7 7. Nc3 cxd4 8. exd4 d5 9. cxd5 Nxd5 10. Ne5 O-O 11. Qg4 Nf6 12. Qh4 Ne4 13. Qh3 Qxd4 14. Bf4 g6 15. Rad1 Nf6 16. Ne2 Qxb2 17. Rfe1 Nd5 18. Nc4 Nxf4 19. Nxf4 Qf6 20. g3 Nc6 21. Be4 Rad8 22. Nd3 Ba8 23. f4 Qd4+ 0-1


[Site "https://www.chess.com"]

[Event "Titled Tuesday Blitz July 25 Early 2023"]
[White "Makhmudov, Shukhrat"]
[Black "Rodchenkov, Sergey D."]
[WhiteFideId "14200775"]
[BlackFideId "4168712"]
[WhiteElo "2336"]
[BlackElo "2566"]
[Result "0-1"]
[Round "3"]
[TimeControl "180+2"]
[Date "2023.07.25"]
[WhiteClock "0:00:41"]
[BlackClock "0:00:59"]
[Board "201"]

1. e4 c5 2. Nf3 d6 3. d3 Nf6 4. c4 g6 5. Nc3 Bg7 6. Bg5 Nc6 7. Qd2 h6 8. Bxf6 Bxf6 9. Be2 Bg7 10. O-O O-O 11. h3 e5 12. Nd5 f5 13. Nh2 Nd4 14. Nf3 Nc6 15. Nh2 Be6 16. Rab1 a5 17. a3 a4 18. Nc3 h5 19. Bd1 Kh7 20. Bxa4 Bh6 21. Qd1 Nd4 22. Bc2 h4 23. f3 Be3+ 24. Kh1 Qg5 25. Nd5 Bxd5 26. cxd5 Qg3 27. Re1 Bf4 28. Nf1 Qg5 29. Bb3 Kg7 30. Ba2 b5 31. Ra1 Rfc8 32. Bb1 Qf6 33. b3 Bg3 34. Nxg3 hxg3 35. Qd2 Rh8 36. Bc2 Rh4 37. a4 b4 38. a5 Rah8 39. a6 Nxf3 40. Qe2 Nd4 41. Qd2 Rxh3+ 42. gxh3 Rxh3+ 43. Kg1 Qh4 44. Qg2 Rh2 45. Re2 Nxe2+ 46. Qxe2 Rxe2 0-1


[Site "https://www.chess.com"]

[Event "Titled Tuesday Blitz July 25 Early 2023"]
[White "Lopez Del Alamo, Antonio"]
[Black "Bilan, Danila"]
[WhiteFideId "2227339"]
[BlackFideId "24161918"]
[WhiteElo "2336"]
[BlackElo "2523"]
[Result "0-1"]
[Round "3"]
[TimeControl "180+2"]
[Date "2023.07.25"]
[WhiteClock "0:01:32"]
[BlackClock "0:00:33"]
[Board "202"]

1. e4 c6 2. d4 d5 3. e5 c5 4. dxc5 Nc6 5. Nf3 Bg4 6. h3 Bxf3 7. Qxf3 e6 8. Bf4 Bxc5 9. Bd3 Nge7 10. O-O Ng6 11. Re1 Qb6 12. Nd2 Nxf4 13. Qxf4 Qb4 14. Qg3 Qxd2 15. Rad1 Qh6 16. c3 O-O 17. b4 Bb6 18. a4 a5 19. b5 Ne7 20. Bb1 Rac8 21. Rd3 Ng6 22. Rf3 Rc4 23. Bc2 Rfc8 24. Bb3 Rf4 25. Rxf4 Qxf4 26. Qd3 Qxf2+ 0-1


[Site "https://www.chess.com"]

[Event "Titled Tuesday Blitz July 25 Early 2023"]
[White "Shturman, Arseniy"]
[Black "Peiris, T G M"]
[WhiteFideId "34275797"]
[BlackFideId "9901310"]
[WhiteElo "2507"]
[BlackElo "2335"]
[Result "1-0"]
[Round "3"]
[TimeControl "180+2"]
[Date "2023.07.25"]
[WhiteClock "0:01:26"]
[BlackClock "0:00:02"]
[Board "203"]

1. e4 c5 2. Nf3 d6 3. d4 cxd4 4. Nxd4 Nf6 5. Nc3 a6 6. Be2 e6 7. O-O Be7 8. f4 Qc7 9. g4 Nc6 10. Be3 h6 11. h4 b5 12. g5 hxg5 13. hxg5 Ng8 14. Qd2 f5 15. exf5 exf5 16. Nd5 Qb7 17. Bf3 Bd7 18. Rfe1 Nxd4 19. Nf6+ gxf6 20. Bxb7 Rb8 21. Bxd4 Rxb7 22. gxf6 Bc6 23. Qe3 Rh1+ 24. Kf2 Rh2+ 25. Kf1 Kf8 26. fxe7+ Rxe7 27. Qg3 Rh1+ 28. Kf2 Rhxe1 29. Rxe1 Rh7 30. Rg1 Ne7 31. Qa3 Rh6 32. Bg7+ 1-0


[Site "https://www.chess.com"]

[Event "Titled Tuesday Blitz July 25 Early 2023"]
[White "BenchGM"]
[Black "Schlecht, Daniel, Dr."]
[BlackFideId "4623959"]
[WhiteElo "2318"]
[BlackElo "2494"]
[Result "0-1"]
[Round "3"]
[TimeControl "180+2"]
[Date "2023.07.25"]
[WhiteClock "0:00:03"]
[BlackClock "0:00:09"]
[Board "204"]

1. Nf3 Nf6 2. b3 d5 3. Bb2 c6 4. g3 Bg4 5. Bg2 Nbd7 6. Ne5 Bf5 7. d3 e6 8. Nd2 Bd6 9. Nxd7 Nxd7 10. Bxg7 Rg8 11. Bb2 h5 12. c4 h4 13. Qc2 a5 14. a3 Qe7 15. e4 Bh7 16. Nf1 dxc4 17. bxc4 e5 18. Ne3 Bc5 19. Qd2 Qf6 20. O-O a4 21. Kh1 Qh6 22. Bc1 hxg3 23. fxg3 Rxg3 24. Nf5 Qxd2 25. Bxd2 Rxd3 26. Ng7+ Ke7 27. Rad1 f6 28. Nh5 Rd4 29. Bh6 Bg6 30. Ng3 Bxa3 31. Bh3 Rd8 32. Bf5 Bf7 33. Bxd7 R8xd7 34. Nf5+ Kd8 35. Nxd4 exd4 36. Rxf6 Bxc4 37. e5 Bb3 38. Rd3 Bb4 39. e6 Re7 40. Bg5 Kc7 41. Rf7 Kb6 42. Bxe7 Bxe7 43. Rxe7 c5 44. Rd7 Bxe6 45. Rd6+ Kb5 46. Rxe6 Kc4 47. Rd1 b5 48. Ra6 d3 49. h4 Kc3 50. h5 Kc2 51. Rg1 c4 52. h6 c3 53. h7 d2 54. h8=Q b4 55. Qh7+ Kb3 56. Qf7+ Kb2 57. Qf5 c2 58. Rxa4 d1=Q 59. Qe5+ Kb3 60. Qe3+ Kb2 61. Ra2+ Kxa2 62. Qe6+ Kb2 63. Qe5+ Kb1 0-1


[Site "https://www.chess.com"]

[Event "Titled Tuesday Blitz July 25 Early 2023"]
[White "Ginzburg, Yakov"]
[Black "Wimalasuriya, Kasun M."]
[WhiteFideId "4157176"]
[BlackFideId "9906789"]
[WhiteElo "2490"]
[BlackElo "2310"]
[Result "1-0"]
[Round "3"]
[TimeControl "180+2"]
[Date "2023.07.25"]
[WhiteClock "0:00:33"]
[BlackClock "0:01:29"]
[Board "205"]

1. d4 Nf6 2. Nf3 g6 3. c4 Bg7 4. Nc3 d6 5. e4 O-O 6. Be2 e5 7. dxe5 dxe5 8. Qxd8 Rxd8 9. Bg5 c6 10. Rd1 Rxd1+ 11. Kxd1 Be6 12. Kc2 Nbd7 13. h3 h6 14. Be3 Bf8 15. Nd2 Bc5 16. Bxc5 Nxc5 17. b4 Na6 18. a3 Rd8 19. Nb3 Nc7 20. Rd1 Rxd1 21. Kxd1 b6 22. Kc2 Bd7 23. c5 Ne6 24. cxb6 axb6 25. a4 Nd4+ 26. Nxd4 exd4 27. e5 Ne8 28. Ne4 Kf8 29. a5 bxa5 30. bxa5 Ke7 31. Nc5 Be6 32. a6 Nc7 33. a7 Bd5 34. g3 Kd8 35. Ba6 1-0


[Site "https://www.chess.com"]

[Event "Titled Tuesday Blitz July 25 Early 2023"]
[White "Tsyhanchuk, Stanislav"]
[Black "Karamsetty, Jeevan"]
[WhiteFideId "13505130"]
[BlackFideId "2025337"]
[WhiteElo "2307"]
[BlackElo "2489"]
[Result "1-0"]
[Round "3"]
[TimeControl "180+2"]
[Date "2023.07.25"]
[WhiteClock "0:00:13"]
[BlackClock "0:00:13"]
[Board "206"]

1. c4 e5 2. Nc3 Bb4 3. e4 Nf6 4. d3 c6 5. Nf3 Qc7 6. Bg5 d6 7. Be2 Nbd7 8. O-O h6 9. Bh4 O-O 10. Qd2 Nh7 11. a3 Bxc3 12. bxc3 Nc5 13. Rae1 f5 14. exf5 Bxf5 15. d4 Ne4 16. Qc1 Rae8 17. c5 exd4 18. cxd6 Qxd6 19. Nxd4 Bg6 20. Bf3 Nhg5 21. Bxe4 Nxe4 22. Re3 c5 23. Ne2 c4 24. Rd1 Qc7 25. Bg3 Nxg3 26. Nxg3 Bd3 27. Rde1 Rxe3 28. Qxe3 Kh8 29. h3 Qa5 30. Qe7 Rg8 31. Qb4 Qa6 32. Re7 b6 33. Nh5 Qc8 34. Qd6 Qf5 35. g4 Qg5 36. f4 Qh4 37. Qe5 Qxh3 38. Rxg7 Qxh5 39. Rxg8+ Kxg8 40. Qxh5 Kg7 41. Qb5 Kf7 42. Qd7+ Kf6 43. Qxa7 Ke6 44. Qxb6+ Kd5 45. Qxh6 Ke4 46. Qg5 Kf3 47. f5 Ke2 48. f6 Kd1 49. f7 Kc2 50. f8=Q Kb2 51. Qff6 Kc2 52. Qe3 Kb3 53. Qfd4 Ka4 54. Qexd3 Kb3 55. Q3xc4+ Kb2 56. Qf2+ Ka1 57. Qcf1# 1-0


[Site "https://www.chess.com"]

[Event "Titled Tuesday Blitz July 25 Early 2023"]
[White "Rodriguez Fontecha, Marcos"]
[Black "UgarteCesar"]
[WhiteFideId "2256576"]
[WhiteElo "2487"]
[BlackElo "2301"]
[Result "1-0"]
[Round "3"]
[TimeControl "180+2"]
[Date "2023.07.25"]
[WhiteClock "0:00:03"]
[BlackClock "0:00:01"]
[Board "207"]

1. e4 c5 2. Nc3 Nc6 3. Bb5 Nd4 4. Nf3 Nxb5 5. Nxb5 d5 6. exd5 a6 7. Nc3 Nf6 8. d4 Nxd5 9. h3 Nxc3 10. bxc3 e6 11. O-O Be7 12. Re1 O-O 13. Ne5 Qc7 14. Qg4 b6 15. Bf4 Bd6 16. dxc5 bxc5 17. Qg3 Bb7 18. Rad1 Rfd8 19. Rxd6 Qxd6 20. Nxf7 Qd5 21. Nxd8 Rxd8 22. Be5 Rd7 23. Qg5 h6 24. Qg4 Rf7 25. Re3 Rd7 26. Kh2 Rf7 27. Qg3 Qc6 28. f4 Qd5 29. Qg4 Qc6 30. Rg3 Qd7 31. Qg6 Bd5 32. Qxh6 Bxa2 33. Qg6 Bd5 34. h4 a5 35. h5 a4 36. h6 a3 37. hxg7 a2 38. Qh7+ Kxh7 39. g8=Q+ 1-0


[Site "https://www.chess.com"]

[Event "Titled Tuesday Blitz July 25 Early 2023"]
[White "luksona14"]
[Black "Schut, Han"]
[BlackFideId "1005561"]
[WhiteElo "2487"]
[BlackElo "2297"]
[Result "1-0"]
[Round "3"]
[TimeControl "180+2"]
[Date "2023.07.25"]
[WhiteClock "0:02:02"]
[BlackClock "0:00:04"]
[Board "208"]

1. Nf3 Nf6 2. c4 g6 3. Nc3 d5 4. cxd5 Nxd5 5. Qb3 Nb6 6. d4 Bg7 7. Bf4 O-O 8. e3 Be6 9. Qa3 Nd5 10. Bg3 Nd7 11. Be2 c5 12. e4 Nxc3 13. bxc3 cxd4 14. cxd4 Nb6 15. Rd1 Bc4 16. Bxc4 Nxc4 17. Qb3 Qa5+ 18. Ke2 Qa6 19. Rd3 Rfd8 20. Rhd1 Rac8 21. Kf1 b5 22. Kg1 Qb6 23. e5 e6 24. h4 a5 25. d5 a4 26. Qb4 exd5 27. Rxd5 Rxd5 28. Rxd5 Qc6 29. Qxb5 Na3 30. Qxc6 Rxc6 31. Rd8+ Bf8 32. Bf4 Kg7 33. Bg5 Bb4 34. Bf6+ Kh6 35. g4 Rc1+ 36. Kg2 g5 37. hxg5+ Kg6 38. Rg8# 1-0


[Site "https://www.chess.com"]

[Event "Titled Tuesday Blitz July 25 Early 2023"]
[White "arturdailima"]
[Black "Padmini, Rout"]
[BlackFideId "5029295"]
[WhiteElo "2297"]
[BlackElo "2479"]
[Result "1-0"]
[Round "3"]
[TimeControl "180+2"]
[Date "2023.07.25"]
[WhiteClock "0:00:19"]
[BlackClock "0:00:04"]
[Board "209"]

1. e4 d5 2. exd5 Nf6 3. d4 Nxd5 4. c4 Nf6 5. Nc3 c6 6. h3 g6 7. Nf3 Bg7 8. Be2 O-O 9. O-O Nbd7 10. Bf4 Qb6 11. Qb3 Nh5 12. Be3 Qc7 13. Rfe1 Nf4 14. Bf1 e5 15. dxe5 Nxe5 16. Nxe5 Bxe5 17. Bc5 Rd8 18. Rad1 Bf5 19. Be3 Ne6 20. Rxd8+ Rxd8 21. Bxa7 Bd4 22. Bxd4 Nxd4 23. Qb4 Bxh3 24. Qe7 Rd7 25. Qe8+ Kg7 26. Qe5+ Qxe5 27. Rxe5 Be6 28. Na4 Bf5 29. Nc5 Rc7 30. Bd3 b6 31. Bxf5 Nxf5 32. Ne4 Nd4 33. Re8 Ra7 34. a3 b5 35. cxb5 cxb5 36. Rd8 Ne6 37. Rb8 Nc7 38. Nd6 Ra6 39. Nxb5 Nxb5 40. Rxb5 Rc6 41. g3 h5 42. Kg2 Kh6 43. a4 g5 44. a5 1-0


[Site "https://www.chess.com"]

[Event "Titled Tuesday Blitz July 25 Early 2023"]
[White "Cooper, Aaron"]
[Black "Luukkonen, Tommi"]
[WhiteFideId "2634945"]
[BlackFideId "501808"]
[WhiteElo "2292"]
[BlackElo "2476"]
[Result "1-0"]
[Round "3"]
[TimeControl "180+2"]
[Date "2023.07.25"]
[WhiteClock "0:01:10"]
[BlackClock "0:00:55"]
[Board "210"]

1. e4 g6 2. d4 Bg7 3. Nc3 d6 4. Nf3 a6 5. a4 Nc6 6. Be3 Nf6 7. h3 O-O 8. Be2 b6 9. Qd2 Bb7 10. O-O e5 11. d5 Ne7 12. Bh6 Nh5 13. Bxg7 Kxg7 14. g3 Bc8 15. Kh2 h6 16. Nh4 Nf6 17. Bd3 g5 18. Nf5+ Nxf5 19. exf5 Re8 20. Rae1 Bd7 21. f4 exf4 22. gxf4 Nh5 23. fxg5 hxg5 24. f6+ Kh6 25. Ne4 Rxe4 26. Rxe4 1-0


[Site "https://www.chess.com"]

[Event "Titled Tuesday Blitz July 25 Early 2023"]
[White "Romero Arzuaga, Yudel"]
[Black "Ronka, Erik"]
[WhiteFideId "3521010"]
[BlackFideId "505080"]
[WhiteElo "2287"]
[BlackElo "2476"]
[Result "0-1"]
[Round "3"]
[TimeControl "180+2"]
[Date "2023.07.25"]
[WhiteClock "0:01:04"]
[BlackClock "0:01:39"]
[Board "211"]

1. d4 d5 2. c4 c6 3. cxd5 cxd5 4. Nc3 Nf6 5. Bf4 Nc6 6. e3 Bf5 7. Qb3 Na5 8. Bb5+ Bd7 9. Qa4 Nc6 10. Nf3 a6 11. Bd3 Ne5 12. Qd1 Nxd3+ 13. Qxd3 e6 14. O-O Be7 15. Rac1 O-O 16. Ne5 Rc8 17. Bg5 b5 18. Bxf6 Bxf6 19. Nxd7 Qxd7 20. f4 Rc7 21. a3 Rfc8 22. Rc2 g6 23. Rfc1 Be7 24. Nd1 Rc4 25. Rxc4 bxc4 26. Qc2 Rb8 27. Nf2 Rb3 28. Ng4 Qb5 29. Qf2 Rxb2 30. Qf3 Rb1 31. Rxb1 Qxb1+ 32. Kf2 c3 33. Ne5 c2 34. Nd3 c1=Q 35. Nxc1 Qxc1 36. Qe2 Qxa3 37. Qc2 a5 38. Kg3 0-1


[Site "https://www.chess.com"]

[Event "Titled Tuesday Blitz July 25 Early 2023"]
[White "Chitlange Sakshi"]
[Black "Barwinska, Ewa"]
[WhiteFideId "35002899"]
[BlackFideId "21833761"]
[WhiteElo "2471"]
[BlackElo "2284"]
[Result "1-0"]
[Round "3"]
[TimeControl "180+2"]
[Date "2023.07.25"]
[WhiteClock "0:00:55"]
[BlackClock "0:00:05"]
[Board "212"]

1. Nf3 d5 2. g3 Nd7 3. Bg2 e5 4. d3 Ngf6 5. O-O Be7 6. Nbd2 c5 7. e4 O-O 8. c3 Qc7 9. Re1 d4 10. c4 a6 11. Nh4 Ne8 12. Nf5 Bf6 13. Nf1 g6 14. Nh6+ Kh8 15. Bd2 Bg7 16. f4 Bxh6 17. fxe5 Bg7 18. Bf4 Nxe5 19. Qd2 Qe7 20. h3 b5 21. b3 bxc4 22. bxc4 Nc7 23. Rab1 Ne6 24. Kh2 Nxf4 25. gxf4 Nc6 26. e5 Bd7 27. Rb7 Qe6 28. Reb1 Nb4 29. a3 Bc6 30. Rb6 Rab8 31. Rxb8 Rxb8 32. axb4 Bxg2 33. Kxg2 Qc6+ 34. Kh2 cxb4 35. Rxb4 Rd8 36. Qg2 Qc5 37. Rb7 Kg8 38. Ng3 Bh6 39. Qf3 Qa3 40. Ne4 Qb2+ 41. Rxb2 1-0


[Site "https://www.chess.com"]

[Event "Titled Tuesday Blitz July 25 Early 2023"]
[White "Fernandez Bustamante, Leancy B."]
[Black "Remolar Gallen, Jose"]
[WhiteFideId "3523870"]
[BlackFideId "2215187"]
[WhiteElo "2268"]
[BlackElo "2470"]
[Result "0-1"]
[Round "3"]
[TimeControl "180+2"]
[Date "2023.07.25"]
[WhiteClock "0:00:01"]
[BlackClock "0:00:08"]
[Board "213"]

1. e4 c5 2. Nf3 d6 3. c3 Nf6 4. h3 g6 5. Bd3 Bg7 6. Bc2 O-O 7. O-O b6 8. Re1 Bb7 9. d4 e6 10. Bg5 h6 11. Bh4 g5 12. Bg3 Qe7 13. e5 dxe5 14. Bxe5 Rd8 15. Qe2 Nbd7 16. Nbd2 Nxe5 17. dxe5 Nd5 18. Qe4 Nf4 19. Qh7+ Kf8 20. Rad1 Rxd2 21. Rxd2 Bxf3 22. gxf3 Rd8 23. Rxd8+ Qxd8 24. Rd1 Qc7 25. Be4 Qxe5 26. Rd8+ Ke7 27. Qg8 f5 28. Ra8 Kf6 29. Rxa7 Kg6 30. Qf7+ Kh7 31. Qxg7+ Qxg7 32. Rxg7+ Kxg7 33. Bc6 Kf6 34. a4 Ke5 35. Bb5 Nxh3+ 36. Kh2 Nxf2 37. b4 cxb4 38. cxb4 g4 39. fxg4 Nxg4+ 40. Kg3 h5 41. a5 bxa5 42. bxa5 Kd6 43. a6 Kc7 44. Bc4 e5 45. Bd5 Kb6 46. Be6 f4+ 47. Kf3 Nf6 0-1


[Site "https://www.chess.com"]

[Event "Titled Tuesday Blitz July 25 Early 2023"]
[White "Samaganova, Aleksandra"]
[Black "MateoReyes"]
[WhiteFideId "13800221"]
[WhiteElo "2259"]
[BlackElo "2468"]
[Result "0-1"]
[Round "3"]
[TimeControl "180+2"]
[Date "2023.07.25"]
[WhiteClock "0:00:02"]
[BlackClock "0:00:31"]
[Board "214"]

1. d4 Nf6 2. c4 g6 3. g3 Bg7 4. Bg2 O-O 5. Nf3 d6 6. O-O Nc6 7. Nc3 Bf5 8. h3 e5 9. d5 Ne7 10. Re1 Qc8 11. Kh2 Bd7 12. Rb1 a5 13. a3 a4 14. c5 e4 15. Ng5 dxc5 16. Ngxe4 Nxe4 17. Nxe4 b6 18. d6 Nc6 19. Bf4 cxd6 20. Nxd6 Qa6 21. e4 Rad8 22. Bf1 Qa8 23. Bb5 Nd4 24. Bxd7 Rxd7 25. Qg4 Rfd8 26. Nc4 Qc6 27. Be5 Re8 28. Bxg7 Kxg7 29. Re3 Rde7 30. f3 b5 31. Nd2 Qd6 32. Rc1 h5 33. Qf4 Qxf4 34. gxf4 c4 35. Nf1 Rd7 36. Ng3 h4 37. Nf1 Nb3 38. Rce1 Rd3 39. Kg2 Red8 40. Kf2 Rd1 0-1


[Site "https://www.chess.com"]

[Event "Titled Tuesday Blitz July 25 Early 2023"]
[White "Heinemann, Josefine"]
[Black "Joshi, Pankaj"]
[WhiteFideId "12900460"]
[BlackFideId "5006210"]
[WhiteElo "2466"]
[BlackElo "2258"]
[Result "1-0"]
[Round "3"]
[TimeControl "180+2"]
[Date "2023.07.25"]
[WhiteClock "0:00:32"]
[BlackClock "0:00:06"]
[Board "215"]

1. e4 c5 2. c3 Nf6 3. e5 Nd5 4. Nf3 Nc6 5. Bc4 Nb6 6. Bb3 e6 7. d4 cxd4 8. cxd4 d6 9. O-O dxe5 10. dxe5 Bc5 11. Qe2 h6 12. Rd1 Qc7 13. Nc3 O-O 14. Bc2 Nd7 15. Qe4 f5 16. exf6 Nxf6 17. Qg6 Ne7 18. Qd3 Nf5 19. Bd2 Qb6 20. Na4 Qc7 21. Nxc5 Qxc5 22. Bc3 Ng4 23. Qe2 b6 24. Rac1 a5 25. Bb3 Ba6 26. Qxe6+ Kh7 27. Be1 Qe7 28. Qxe7 Nxe7 29. Rc7 Nf5 30. Bc2 Kh8 31. Bc3 Be2 32. Bxf5 Rxf5 33. Bxg7+ Kg8 34. Rdd7 Re8 35. Bc3 Bb5 36. Rg7+ Kh8 37. Rh7+ Kg8 38. Rcg7+ Kf8 39. Rh8# 1-0


[Site "https://www.chess.com"]